 Dungeon Crawl Stone Soup version 0.19.5 (webtiles) character file.

37 tricornhat the Shield-Bearer (level 3, -1/33 HPs)
             Began as a Deep Dwarf Fighter on Mar 9, 2017.
             Slain by a hobgoblin (3 damage)
             ... led by Robin
             ... on level 1 of the Dungeon.
             The game lasted 00:09:50 (2008 turns).

tricornhat the Shield-Bearer (Deep Dwarf Fighter)   Turns: 2008, Time: 00:09:52

Health: -1/33      AC:  8    Str: 19    XL:     3   Next: 21%
Magic:  3/3        EV:  7    Int:  8    God:
Gold:   44         SH:  9    Dex: 13    Spells: 0 memorised, 2 levels left

rFire  . . .     SeeInvis .     g - -1 hunting sling (curse)
rCold  . . .     Gourm    .     b - +0 scale mail
rNeg   . . .     Faith    .     c - +0 shield
rPois  .         Spirit   .     (no helmet)
rElec  .         Reflect  .     (no cloak)
rCorr  .         Harm     .     j - +0 pair of gloves
MR     .....                    (no boots)
Stlth  ..........               (no amulet)
                                (no ring)
                                (no ring)

@: non-regenerating
A: damage resistance, recharge devices, sense surroundings 1, slow regeneration
3
a: Device Recharging


You were on level 1 of the Dungeon.
You were near starving.

You visited 1 branch of the dungeon, and saw 2 of its levels.

You collected 44 gold pieces.

Inventory:

Hand Weapons
 a - a +0 war axe
 g - a cursed -1 hunting sling (weapon)
Armour
 b - a +0 scale mail (worn)
 c - a +0 shield (worn)
 j - a +0 pair of gloves (worn)
Wands
 e - a wand of heal wounds (4/9)
Scrolls
 l - a scroll of teleportation
 n - a scroll of magic mapping
Potions
 d - 2 potions of might
Comestibles
 f - a bread ration


   Skills:
 + Level 2.9 Fighting
 + Level 2.5 Axes
 + Level 3.8 Armour
 + Level 0.2 Dodging
 + Level 3.8 Shields
 + Level 0.3 Evocations


You had 2 spell levels left.
You didn't know any spells.

Dungeon Overview and Level Annotations

Branches:
Dungeon (2/15)

Altars:

Annotations:
D:2 Robin


Innate Abilities, Weirdness & Mutations

You are resistant to damage.
You can recharge devices by infusing magical energy.
You passively map a small area around you.
You do not regenerate.


Message History

You closely miss the hobgoblin. You block the hobgoblin's attack.
The hobgoblin hits you but does no damage.
You closely miss the hobgoblin.
The hobgoblin hits you but does no damage.
You closely miss the hobgoblin. The hobgoblin hits you.
* * * LOW HITPOINT WARNING * * *
You block the hobgoblin's attack.
You clumsily bash the hobgoblin but do no damage.
The hobgoblin hits you but does no damage.
You clumsily bash the hobgoblin but do no damage.
The hobgoblin barely misses you. The hobgoblin hits you.
You closely miss the hobgoblin. The hobgoblin barely misses you. x2
You clumsily bash the hobgoblin but do no damage.
The hobgoblin hits you but does no damage.
You closely miss the hobgoblin.
The hobgoblin hits you but does no damage. x2
You closely miss the hobgoblin. You block the hobgoblin's attack.
You clumsily bash the hobgoblin but do no damage.
The hobgoblin barely misses you. The hobgoblin hits you.
You die...

.###.###...##.####.####.####.#...
.# #.# ###......................#
.# #..###############.###########
.# ####..# ####..#..# .# #..#
#.......## .# #..# #.###.### .#
#..#####.# #.# ##
#(.......###.##### #
##.......g@......# #
######..###.###.# # #..# #.# #.#
# #..# #.# #.## #..# #.# #..##
#### #..# #.# #...# ...######
#..# #'#####.# ........#####..#
#.....'.# ##.####........#
#.###.###


You could see a hobgoblin.

Vanquished Creatures
  An ooze (D:1)
  A dart slug (D:1)
  4 bats
  2 giant cockroaches (D:1)
  4 goblins
  A hobgoblin (D:1)
  4 jackals (D:1)
  A frilled lizard (D:1)
  6 kobolds (D:1)
  7 rats (D:1)
31 creatures vanquished.

Notes
Turn   | Place    | Note
-------+----------+-------------------------------------------
     0 | D:1      | tricornhat the Deep Dwarf Fighter began the quest for the Orb.
     0 | D:1      | Reached XP level 1. HP: 20/20 MP: 1/1
   119 | D:1      | Reached XP level 2. HP: 14/27 MP: 2/2
  1629 | D:2      | Noticed Robin
  1630 | D:2      | Reached XP level 3. HP: 33/33 MP: 3/3
  2008 | D:1      | Slain by a hobgoblin

Action                   || total
-------------------------++-------
Melee: War axe           ||    99
       Hunting sling     ||   270
Evoke: Wand              ||     1
  Use: Potion            ||     3
       Scroll            ||     3
  Eat: Chunk             ||     3
Armor: Scale mail        ||   171
Dodge: Dodged            ||   130
Block: Shield            ||   217
